 Dungeon Crawl Stone Soup version 0.29.1-12-g30fa7ad0bf (webtiles) character file.

Game seed: 6160953094739106793

61 GeoRichter the Slasher (level 3, 0/29 HPs)
             Began as a Demonspawn Fighter on Dec 18, 2022.
             Slain by a gnoll
             ... wielding a +0 whip
              (3 damage)
             ... on level 2 of the Dungeon.
             The game lasted 00:02:18 (1366 turns).

GeoRichter the Slasher (Demonspawn Fighter)         Turns: 1366, Time: 00:02:19

Health: 0/29       AC:  7    Str: 16    XL:     3   Next: 83%
Magic:  3/3        EV:  9    Int:  9    God:
Gold:   69         SH:  4    Dex: 14    Spells: 2/2 levels left

rFire   . . .      SeeInvis .   a - +0 long sword
rCold   . . .      Faith    .   c - +0 buckler
rNeg    . . .      Spirit   .   b - +0 scale mail
rPois   .          Reflect  .   (no helmet)
rElec   .          Harm     .   (no cloak)
rCorr   .          Rampage  .   (no gloves)
Will    .....                   h - +0 pair of boots
Stlth   ..........              (no amulet)
HPRegen 0.09/turn               (no ring)
MPRegen 0.08/turn               (no ring)

@: mighty
A: sturdy frame 1
a: no special abilities


You were on level 2 of the Dungeon.
You visited 1 branch of the dungeon, and saw 2 of its levels.

You collected 69 gold pieces.

Inventory:

Hand Weapons
 a - a +0 long sword (weapon)
Armour
 b - a +0 scale mail (worn)
 c - a +0 buckler (worn)
 h - a +0 pair of boots (worn)
   (You found it on level 1 of the Dungeon)
Scrolls
 e - 3 scrolls of teleportation {unknown}
 g - a scroll of summoning {unknown}
 j - a scroll of fog {unknown}
Potions
 f - a potion of berserk rage {unknown}
 i - a potion of ambrosia {unknown}


   Skills:
 - Level 3.0 Fighting
 * Level 3.8 Long Blades
 - Level 2.6 Armour
 - Level 2.6 Shields


You had 2 spell levels left.
You didn't know any spells.
Your spell library contained the following spells:

 Spells                   Type           Power      Damage    Failure   Level
 Sting                    Tmut/Pois      0%         1d3       77%         1
 Poisonous Vapours        Pois/Air       0%         N/A       88%         2
 Olgreb's Toxic Radiance  Pois           0%         N/A       100%        4


Dungeon Overview and Level Annotations

Branches:
Dungeon (2/15) Zot: 10593

Altars:


Innate Abilities, Weirdness & Mutations

Your movements are slightly less encumbered by armour. (ER -2)


Message History

Found a hand axe.
You see here a +0 hand axe.
A ball python and a gnoll come into view.
The ball python hisses angrily.
The gnoll shouts!
You hear a shout!
You slash the ball python!
You kill the ball python!
A gnoll is nearby!
You closely miss the gnoll. The gnoll barely misses you.
You hit the gnoll. The gnoll closely misses you. You block the gnoll's attack.
You hit the gnoll. You block the gnoll's attack.
You hit the gnoll. The gnoll hits you with a +0 flail.
You closely miss the gnoll. You block the gnoll's attack.
The gnoll barely misses you.
A gnoll comes into view. It is wielding a +0 spear.
You barely miss the gnoll.
The gnoll shouts!
The gnoll hits you with a +0 flail!
You hit the gnoll. The gnoll hits you with a +0 flail.
You hit the gnoll. The gnoll barely misses you.
The gnoll hits you from afar with a +0 spear.
* * * LOW HITPOINT WARNING * * *
You hit the gnoll. The gnoll hits you with a +0 flail.
* * * LOW HITPOINT WARNING * * *
The gnoll hits you but does no damage.
The gnoll hits you from afar with a +0 spear.
* * * LOW HITPOINT WARNING * * *
The gnoll completely misses you.
You feel very mighty all of a sudden. The gnoll hits you but does no damage.
The gnoll misses you.
You closely miss the gnoll. You block the gnoll's attack.
The gnoll hits you from afar with a +0 spear.
* * * LOW HITPOINT WARNING * * *
You slash the gnoll!
You kill the gnoll!
The gnoll hits you from afar with a +0 spear.
* * * LOW HITPOINT WARNING * * *
The gnoll closely misses you.
You slash the gnoll! You block the gnoll's attack.
A gnoll comes into view. It is wielding a +0 whip.
The gnoll hits you with a +0 spear.
* * * LOW HITPOINT WARNING * * *
The gnoll shouts!
You slash the gnoll!
You kill the gnoll!
You hear a shout!
You barely miss the gnoll. The gnoll hits you with a +0 whip.
* * * LOW HITPOINT WARNING * * *
You hit the gnoll. The gnoll closely misses you.
You slash the gnoll! The gnoll hits you with a +0 whip.
You die...

########...
............# .## #..
....##..# ... #^#
##...#..#..#
#####.###.......#..##
...#.##.............
#.#.##........#
#)..##.#...#†.#
#.@.......##..#
#g#.#####.##..#
.#####)#.#
#.##<.#####
..g.....)#
#..........
#.#.####.#
#.##...###. #...
...####.# #. #.###
#.# #.# #. #.# #.# #.
#.# #.###.


You could see a gnoll.

Vanquished Creatures
  2 gnolls (D:2)
  3 dart slugs
  6 ball pythons
  6 bats
  An endoplasm (D:1)
  5 goblins (D:1)
  4 hobgoblins (D:1)
  2 kobolds (D:1)
  A quokka (D:2)
  2 frilled lizards (D:1)
32 creatures vanquished.

Notes
Turn   | Place    | Note
-------+----------+-------------------------------------------
     0 | D:1      | GeoRichter the Demonspawn Fighter began the quest for the
                  | Orb.
     0 | D:1      | Reached XP level 1. HP: 18/18 MP: 1/1
    60 | D:1      | Gained mutation: Your movements are slightly less
                  | encumbered by armour. (ER -2) [demonic ancestry]
    60 | D:1      | Reached XP level 2. HP: 4/24 MP: 2/2
   852 | D:1      | Reached XP level 3. HP: 29/29 MP: 3/3
  1366 | D:2      | Slain by a gnoll

Illustrated notes

Levels and vault maps discovered:
D:1:      dpeg_arrival_another_circle, layout_basic, st_stairs_8,
          minmay_nonomino_d4
D:2:      layout_loops_ring, shapermc_ecumenical_altar_notcrosses, fountainhead

Skill      XL: |  1  2 |
---------------+-------+-----
Long Blades    | 2 3 |  3.8
Fighting       | |  3.0
Armour         | |  2.6
Shields        | |  2.6

Action                   || total
-------------------------++-------
Melee: Long sword        ||   131
  Use: Potion            ||     1
Armor: Scale mail        ||    71
Dodge: Dodged            ||    96
Block: Buckler           ||    47
